 Dungeon Crawl Stone Soup version 0.22-a0-99-g1ac4c55 (webtiles) character file.

2101 Darius099 the Cudgeler (level 9, -12/55 HPs)
             Began as a Gargoyle Fighter on Jan 26, 2018.
             Killed by divine providence
             ... invoked by an orc priest
              (13 damage)
             ... on level 7 of the Dungeon.
             The game lasted 00:26:42 (6570 turns).

Darius099 the Cudgeler (Gargoyle Fighter)           Turns: 6570, Time: 00:26:43

Health: -12/55     AC: 32    Str: 23    XL:     9   Next: 28%
Magic:  9/9        EV:  6    Int:  8    God:
Gold:   227        SH: 11    Dex: 10    Spells: 8/8 levels left

rFire    . . .     SeeInvis .   v - +2 mace (protect)
rCold    . . .     Gourm    .   c - +0 shield
rNeg     + + .     Faith    .   y - +0 plate armour
rPois    ∞         Spirit   .   (no helmet)
rElec    +         Reflect  .   A - +0 cloak
rCorr    .         Harm     .   b - +0 pair of gloves
MR       .....                  o - +2 pair of boots
Stlth    ..........             (no amulet)
HPRegen  0.18/turn              a - ring of positive energy
MPRegen  0.11/turn              (no ring)

@: protection aura
A: negative energy resistance 1, electricity resistance, unbreathing,
petrification resistance, rot immunity, AC +6
a: no special abilities


You were on level 7 of the Dungeon.
You were not hungry.

You visited 1 branch of the dungeon, and saw 7 of its levels.

You collected 227 gold pieces.

Inventory:

Hand Weapons
 v - a +2 mace of protection (weapon)
Armour
 b - a +0 pair of gloves (worn)
 c - a +0 shield (worn)
 o - a +2 pair of boots (worn)
 y - a +0 plate armour (worn)
 A - a +0 cloak (worn)
Jewellery
 a - a ring of positive energy (left hand)
 z - an uncursed ring of fire {unknown}
Wands
 m - a wand of paralysis (11)
 p - a wand of scattershot (5)
 q - a wand of polymorph (5)
 w - a wand of digging (9)
 G - a wand of clouds (6)
Scrolls
 g - a scroll of fear {unknown}
 h - 3 scrolls of enchant armour
 i - 5 scrolls of teleportation
 l - 3 scrolls of identify {unknown}
 s - 4 scrolls of enchant weapon {unknown}
 t - 3 scrolls of magic mapping
 u - a scroll of random uselessness {unknown}
 B - a scroll of amnesia {unknown}
 C - a scroll of noise {unknown}
 D - a scroll of silence {unknown}
 F - a scroll of fog
Potions
 d - 3 potions of might
 e - 5 potions of curing {unknown}
 j - 2 potions of brilliance {unknown}
 k - 3 potions of haste {unknown}
 n - 2 potions of experience {unknown}
 r - a potion of agility {unknown}
 x - 2 potions of flight {unknown}
 E - 2 potions of ambrosia {unknown}
 H - a potion of mutation {unknown}
Comestibles
 f - 8 rations


   Skills:
 + Level 5.6 Fighting
 + Level 7.7 Maces & Flails
 + Level 6.1 Armour
 + Level 2.3 Dodging
 - Level 1.4 Stealth
 + Level 7.1 Shields


You had 8 spell levels left.
You didn't know any spells.

Dungeon Overview and Level Annotations

Branches:
Dungeon (7/15)
 Temple: D:4-7

Altars:
Cheibriados
Dithmenos
Fedhas
Nemelex Xobeh
Trog
Uskayaw
Vehumet
Xom
Zin
The Shining One

Shops:
D:6 *

Annotations:
D:7 Calypsia's ghost, novice HuIE


Innate Abilities, Weirdness & Mutations

You are resistant to torment.
Your stone body is resilient. (AC +6)
You are immune to poison.
You resist negative energy. (rN+)
You are resistant to electric shocks. (rElec)
You can survive without breathing.
You are immune to petrification.
You are immune to rotting.


Message History

The orc priest is heavily wounded.
The orc priest barely misses you.
You barely miss the orc priest.
The orc priest is heavily wounded.
The orc priest hits you but does no damage.
The orc wizard casts a spell.
The orc wizard blinks!
You sock the orc priest!
Your weapon exudes an aura of protection.
The orc priest is almost dead.
The orc priest hits you but does no damage.
The orc wizard hits you with a dagger of distortion.
Space warps horribly around you!
* * * LOW HITPOINT WARNING * * *
The orc priest invokes the aid of Beogh against you.
Beogh smites you!
* * * LOW HITPOINT WARNING * * *
The orc priest calls down the wrath of Beogh upon you.
Beogh smites you!
You die...

#{# #### #. #o#
...# #. #.# #...#
#. ####.###...####
[.
#.............#...
#.##..........>...
#o##..........#
#o##........#
#@#####.....#
#o######...##
#........###
##########


You could see 2 orc priests and an orc wizard.

Vanquished Creatures
  Prince Ribbit (D:5)
  Sigmund (D:3)
  2 hungry ghosts
  2 phantoms
  A centaur (D:7)
  2 bullfrogs (D:6)
  A scorpion (D:4)
  A howler monkey (D:5)
  2 crimson imps
  2 jellies (D:2)
  A bullfrog skeleton (D:4)
  A gnoll shaman (D:5)
  4 hounds
  4 orc wizards (D:6)
  Crazy Yiuf (D:5)
  Ijyb (D:3)
  Terence (D:3)
  8 worker ants
  Natasha (twice) (D:3)
  A hound skeleton (D:6)
  5 gnolls (D:5)
  12 adders
  A shadow imp (D:7)
  2 oozes
  2 adder skeletons
  A worm (D:6)
  4 leopard geckos
  10 orcs
  2 bats
  4 giant cockroaches
  8 goblins
  3 hobgoblins (D:1)
  An iguana (D:2)
  12 jackals
  8 kobolds
  2 quokkas (D:4)
  A ball python (D:1)
  6 frilled lizards
  A leopard gecko zombie (D:6)
  6 rats
130 creatures vanquished.

Vanquished Creatures (others)
  An orc (D:6)
1 creature vanquished.

Grand Total: 131 creatures vanquished

Notes
Turn   | Place    | Note
-------+----------+-------------------------------------------
     0 | D:1      | Darius099 the Gargoyle Fighter began the quest for the Orb.
     0 | D:1      | Reached XP level 1. HP: 14/14 MP: 1/1
   376 | D:1      | Reached XP level 2. HP: 18/19 MP: 2/2
   743 | D:1      | Reached XP level 3. HP: 23/23 MP: 3/3
  1329 | D:2      | Found a hide-covered altar of Uskayaw.
  1335 | D:2      | Found a sparkling altar of Nemelex Xobeh.
  1515 | D:2      | Reached skill level 1 in Stealth
  1539 | D:2      | Reached XP level 4. HP: 24/29 MP: 4/4
  1760 | D:2      | Found a blossoming altar of Fedhas.
  1899 | D:2      | Reached XP level 5. HP: 13/33 MP: 5/5
  1903 | D:2      | Found a shimmering altar of Xom.
  2108 | D:3      | Noticed Ijyb
  2127 | D:3      | Killed Ijyb
  2466 | D:3      | Noticed Terence
  2487 | D:3      | Killed Terence
  2487 | D:3      | Reached skill level 1 in Dodging
  2487 | D:3      | Reached XP level 6. HP: 36/38 MP: 6/6
  2496 | D:3      | Found a bloodstained altar of Trog.
  2704 | D:3      | Noticed Natasha
  2705 | D:3      | Noticed Sigmund
  2725 | D:3      | Killed Sigmund
  2728 | D:3      | Killed Natasha
  2898 | D:3      | Noticed Natasha
  2912 | D:3      | Killed Natasha
  2912 | D:3      | Reached XP level 7. HP: 38/43 MP: 7/7
  2979 | D:4      | Reached skill level 5 in Maces & Flails
  2979 | D:4      | Reached skill level 5 in Shields
  3104 | D:4      | Found a shadowy altar of Dithmenos.
  3104 | D:4      | Found a glowing silver altar of Zin.
  3104 | D:4      | Found a radiant altar of Vehumet.
  3962 | D:5      | Entered Level 5 of the Dungeon
  3965 | D:5      | Noticed Prince Ribbit
  3993 | D:5      | Killed Prince Ribbit
  3993 | D:5      | Reached skill level 5 in Armour
  3993 | D:5      | Reached XP level 8. HP: 18/48 MP: 8/8
  4563 | D:5      | Found a blossoming altar of Fedhas.
  4705 | D:5      | Found a runed door.
  4709 | D:5      | Noticed Crazy Yiuf
  4714 | D:5      | Killed Crazy Yiuf
  5031 | D:6      | Found Xeokk's General Store.
  5109 | D:6      | Reached skill level 5 in Fighting
  5323 | D:6      | Found a glowing golden altar of the Shining One.
  5426 | D:6      | Found a snail-covered altar of Cheibriados.
  5883 | D:7      | Reached XP level 9. HP: 54/54 MP: 9/9
  5990 | D:7      | Noticed Calypsia's ghost (novice HuIE)
  6569 | D:7      | HP: 1/55 [orc priest/divine providence (12)]
  6570 | D:7      | Killed from afar by an orc priest

Vault maps used:
D:1:      saegor_arrival_miasma, minivault_19, minmay_misc_feat_enclosed,
          minmay_strange_pillars, st_stairs_8
D:2:      grunt_temple_overflow_open, lemuel_coloured_pillars_altar,
          dk_xom_monty_hall
D:3:      old_standard_altar, uniq_terence, uniq_ijyb, uniq_natasha,
          uniq_sigmund
D:4:      gammafunk_temple_overflow_claw
D:5:      first_ration, minmay_crystal_room, tgw_fedhas,
          uniq_crazy_yiuf_cottage, uniq_prince_ribbit1
D:6:      kennysheep_little_box, cheibrodos_worm_habitat, serial_shops, shop
D:7:      temple_doors_e

Skill      XL: |  1  2  3  4  5  6  7  8  9 |
---------------+----------------------------+-----
Stealth        | 1 |  1.4
Maces & Flails | 3 4 5 7 |  7.7
Shields        | 4 5 6 7 |  7.1
Armour         | 4 5 6 |  6.1
Dodging        | 1 2 |  2.3
Fighting       | 4 5 |  5.6

Action                   |  1- 3 |  4- 6 |  7- 9 || total
-------------------------+-------+-------+-------++-------
Melee: Flail             |   130 |   148 |       ||   278
       Mace              |       |    52 |   425 ||   477
  Use: Scroll            |     6 |       |       ||     6
  Eat: Chunk             |     2 |       |       ||     2
       Ration            |       |     2 |     5 ||     7
Armor: Scale mail        |    76 |   138 |    52 ||   266
       Skin              |       |    47 |       ||    47
       Chain mail        |       |       |    50 ||    50
       Plate armour      |       |       |   149 ||   149
Dodge: Dodged            |    50 |    85 |    96 ||   231
Block: Shield            |    83 |   127 |   231 ||   441

Table legend:
 A = Spawn XP
 B = Non-spawn XP
 C = Spawn XP percentage of total XP
 D = Spawn monster count
 E = Non-spawn monster count
 F = Spawn count percentage of total count
 G = Total turns spent on level
                    A         B        C        D         E        F      G
               +---------+---------+-------+---------+---------+-------+---------
         Total |       0 |    3002 |   0.0 |       0 |     130 |   0.0 |  6570
               +---------+---------+-------+---------+---------+-------+---------
           D:1 |       0 |      52 |   0.0 |       0 |      26 |   0.0 |  1293
           D:2 |       0 |     161 |   0.0 |       0 |      19 |   0.0 |   990
           D:3 |       0 |     469 |   0.0 |       0 |      20 |   0.0 |   676
           D:4 |       0 |     408 |   0.0 |       0 |      21 |   0.0 |  1182
           D:5 |       0 |     600 |   0.0 |       0 |      18 |   0.0 |   666
           D:6 |       0 |     924 |   0.0 |       0 |      20 |   0.0 |  1535
           D:7 |       0 |     388 |   0.0 |       0 |       6 |   0.0 |   228
               +---------+---------+-------+---------+---------+-------+---------
